 Dungeon Crawl Stone Soup version 0.28-a0-1152-g9c71ebef14 (webtiles) character file.

Game seed: 3159563240589322276

2814 spaghetti the Slicer (level 9, -1/63 (68) HPs)
             Began as an Octopode Delver on Dec 14, 2021.
             Was an Initiate of Gozag.
             Slain by a hornet (12 damage)
             ... while paralysed by a hornet
             ... on level 8 of the Dungeon.
             The game lasted 00:11:21 (8111 turns).

spaghetti the Slicer (Octopode Delver)              Turns: 8111, Time: 00:11:22

HP:   -1/63 (68)    AC:  1    Str: 11    XL:     9   Next: 72%
MP:   9/9           EV:  2    Int: 19    God:    Gozag
Gold: 1165          SH:  0    Dex: 15    Spells: 8/8 levels left

rFire   . . .      SeeInvis .   h - +10 dagger of Compassion {venom, Stlth+, short}
rCold   . . .      Faith    .   (no shield)
rNeg    . . .      Spirit   .   (helmet restricted)
rPois   .          Reflect  .   m - amulet of magic regeneration {@e2}
rElec   .          Harm     .   (no ring)
rCorr   .          Rampage  .   (no ring)
Will    .....      Clarity  +   (no ring)
Stlth   +++++.....              (no ring)
HPRegen 0.20/turn               (no ring)
MPRegen 0.51/turn               (no ring)
                                (no ring)
                                (no ring)

@: paralysed, gold aura, slowed, drained
A: almost no armour, amphibious, 8 rings, camouflage 1, gelatinous body 1,
(nimble swimmer 1), tentacles, agile 1, clarity, clever 1
a: Renounce Religion, Potion Petition, Call Merchant, Bribe Branch


You were on level 8 of the Dungeon.
You worshipped Gozag.
Gozag was most pleased with you.
You visited 2 branches of the dungeon, and saw 9 of its levels.

You collected 1218 gold pieces.
You paid 53 gold pieces to Gozag.


Innate Abilities, Weirdness & Mutations

You cannot wear most types of armour.
You are amphibious.
You can wear up to eight rings at the same time.
Your skin changes colour to match your surroundings (Stealth+).
Your rubbery body absorbs attacks. (AC +1, EV +1)
((You are camouflaged near water. (Stealth+)))
You have tentacles for arms and can constrict up to eight enemies at once.
You are agile. (Dex +2)
You possess an exceptional clarity of mind.
Your mind is acute. (Int +2)


   Skills:
 + Level 9.3 Fighting
 + Level 9.6 Short Blades
 - Level 2.0 Axes
 - Level 2.0 Dodging
 - Level 6.6 Stealth


You had 8 spell levels left.
You didn't know any spells.
Your spell library contained the following spells:

 Spells                   Type           Power      Damage    Failure   Level
 Ensorcelled Hibernation  Hex/Ice        0%         N/A       30%         2
 Dazzling Flash           Conj/Hex       0%         N/A       52%         3
 Spider Form              Tmut/Pois      0%         N/A       52%         3
 Agony                    Necr           0%         N/A       99%         5
 Silence                  Hex/Air        0%         N/A       99%         5

Inventory:

Hand Weapons
 a - a +1 hand axe {axe}
 h - the +10 dagger of Compassion (weapon) {venom, Stlth+, short}
   (You found it on level 5 of the Dungeon)

   It poisons the flesh of those it strikes.
   Stlth:     It makes you more stealthy.
Missiles
 b - 149 stones {throwing}
 c - 25 sling bullets
 g - 235 arrows
 j - 107 bolts
 k - 46 poisoned darts (quivered) {throwing}
Armour
 u - a +0 crystal plate armour {rare=g}
   (You found it on level 4 of the Dungeon)
Magical Staves
 s - a staff of conjuration {!a@e2staff}
   (You found it on level 4 of the Dungeon)
Jewellery
 m - an amulet of magic regeneration (around mantle) {@e2}
   (You found it on level 5 of the Dungeon)
 r - an amulet of faith {!P}
   (You found it on level 1 of the Dungeon)
 x - a ring of protection from cold
   (You took it off an orc priest on level 6 of the Dungeon)
Wands
 f - a wand of digging (6)
 p - a wand of iceblast (8)
   (You took it off Ijyb on level 4 of the Dungeon)
 y - a wand of flame (12)
   (You took it off Joseph on level 7 of the Dungeon)
Scrolls
 i - 2 scrolls of amnesia
 n - a scroll of fog
 o - 3 scrolls of magic mapping {!r}
 q - 4 scrolls of teleportation {@r4}
 t - 2 scrolls of identify {@r1}
 w - a scroll of enchant weapon
 z - a scroll of vulnerability {!r!r}
 A - a scroll of fear
Potions
 d - 2 potions of brilliance
 e - 5 potions of haste {@q3}
 l - 2 potions of mutation {!q}
 v - 2 potions of might

Dungeon Overview and Level Annotations

Branches:
Dungeon (8/15)             Temple (1/1) D:6
   Lair: D:8-11

Altars:
Ashenzari
Cheibriados
Dithmenos
Gozag
Nemelex Xobeh
Okawaru
Qazlal
Ru
Sif Muna
Zin

Shops:
D:5 (

Annotations:
D:5 exclusions: ogre and 1 more exclusion

...........$.......
.............######
...##).....###
...##)...### .
....#)..## #.. ....#...#
##.... .......##
###......
.......#########.y......
................@$z.....
...###........##########
..## ##.####### .## ###
## #


You could see a hornet and a wight.


Message History

Press: ? - help, Q - select action, (/) - cycle Shift-Dir - straight line, f/p - orc
Aim: an orc, wielding a +0 whip (moderately wounded, poisoned, 63% to hit)
You throw a poisoned dart {throwing}.
The poisoned dart {throwing} hits the orc.
The orc looks even sicker.
You hit the orc. You grab the orc. You constrict the orc.
The orc looks more healthy.
You puncture the orc!
You kill the orc!
Things that are here:
8 gold pieces; a +0 whip {mace} You puncture the orc!
You kill the orc!
The orc wizard hits you with a +0 dagger.
Things that are here:
9 gold pieces; a +0 hand axe {axe}; a +0 leather armour 😕 HP[-4]
You take 4 damage, and now have 57/61 hp.
You puncture the orc wizard! Your grab misses the orc wizard.
Your squeeze misses the orc wizard. The orc wizard barely misses you.
You hit the orc wizard but do no damage.
The orc wizard is poisoned.
Your grab misses the orc wizard. You squeeze the orc wizard. 😕 HP[+1]
You puncture the orc wizard!
You kill the orc wizard!
No target in view!
No target in view!
No target in view!
No target in view!
No target in view!
No target in view!
No target in view!
No target in view!
No target in view!
No target in view!
No target in view!
No target in view!
No target in view!
No target in view!
No target in view!
No target in view!
No target in view!
No target in view!
You now have 1152 gold pieces (gained 9).
Things that are here:
a +0 hand axe {axe}; a +0 leather armour You now have 1160 gold pieces (gained 8).
You see here a +0 whip {mace}.
A - a scroll of fear 😎 HP[+3]
Your hp is fully restored (61).
You see here a +0 whip {mace}.
Things that are here:
a +0 hand axe {axe}; a +0 leather armour You now have 1165 gold pieces (gained 5).
t - 2 scrolls of identify {@r1} (gained 1)
k - 43 poisoned darts {throwing} (gained 1)
Things that are here:
a +0 dagger {short}; a +0 robe
k - 44 poisoned darts {throwing} (gained 1)
k - 45 poisoned darts {throwing} (gained 1)
k - 46 poisoned darts {throwing} (gained 1)
An orc comes into view. It is wielding a +0 war axe.
There are monsters nearby!
Unknown command.
You start waiting.
A wight is nearby!
A centaur comes into view.
The centaur shouts!
The hornet buzzes angrily.
The centaur wields a +0 shortbow.
The centaur shoots an arrow.
The arrow hits you. 😕 HP[-6]
You take 6 damage, and now have 55/61 hp.
The centaur unwields a +0 shortbow.
The centaur misses you. The centaur closely misses you.
You puncture the centaur!
The centaur is poisoned.
The centaur misses you. The centaur kicks you. 😕 HP[-1]
You take 1 damage, and now have 54/61 hp.
You hit the centaur but do no damage.
The centaur looks as sick as possible!
The centaur hits you. The centaur kicks you. 😕 HP[-2]
You take 2 damage, and now have 52/61 hp.
You hit the centaur.
The centaur looks as sick as possible!
The hornet stings you!
You suddenly lose the ability to move!
The centaur hits you. The centaur kicks you. The hornet stings you.
You feel yourself slow down. The centaur hits you. The centaur kicks you.
You kill the centaur!
The hornet stings you!
* * * LOW HITPOINT WARNING * * *
You feel as though you will be slow longer.
The hornet stings you!
* * * LOW HITPOINT WARNING * * *
You feel as though you will be slow longer.
The hornet stings you!
You die...
Your body crumbles into a pile of gold.

Skill      XL: |  1  2  3  4  5  6  7  8  9 |
---------------+----------------------------+-----
Fighting       | 4 5 6 8 9 |  9.3
Short Blades   | 1 4 5 6 8 9 |  9.6
Axes           | |  2.0
Dodging        | |  2.0
Stealth        | |  6.6

Action                   |  1- 3 |  4- 6 |  7- 9 || total
-------------------------+-------+-------+-------++-------
Melee: Hand axe          |     5 |    26 |       ||    31
       Tentacles         |     2 |    12 |    27 ||    41
       Constrict         |     1 |    11 |    27 ||    39
       Dagger            |       |    24 |   174 ||   198
Throw: Dart              |       |       |     6 ||     6
Evoke: Wand              |       |     2 |       ||     2
  Use: Scroll            |     2 |     7 |     4 ||    13
       Potion            |       |     6 |     4 ||    10
 Stab: Sleeping          |       |    11 |    31 ||    42
       Distracted        |       |     2 |     2 ||     4
Armor: Skin              |       |       |     3 ||     3
Dodge: Dodged            |     5 |    30 |    61 ||    96

Levels and vault maps discovered:
D:1:      minmay_arrival_open_corners, layout_loops_ring,
          shapermc_ecumenical_altar_mp_highgroup, roderic_three_in_a_row
D:2:      layout_rooms
D:3:      layout_loops_ring
D:4:      layout_loops_cross, grunt_dithmenos_smoke,
          mainiacjoe_overflow_divided_tiny, kennysheep_generic_room_6,
          uniq_menkaure, uniq_duvessa, uniq_ijyb
D:5:      layout_cave_pods, serial_shops, nicolae_lakefront_shop
D:6:      layout_gridville, mainiacjoe_overflow_alcove_4,
          mainiacjoe_overflow_boulevard, kennysheep_little_box,
          minmay_temple_entry_tees, minmay_misc_feat_secret_circle
D:7:      layout_basic, uniq_joseph
D:8:      layout_layer_cave
Temple:   eino_temple_scatter_basement

Notes
Turn   | Place    | Note
-------+----------+-------------------------------------------
     0 | D:5      | spaghetti the Octopode Delver began the quest for the Orb.
     0 | D:5      | Reached XP level 1. HP: 16/16 MP: 1/1
     0 | D:5      | magus.rc [v1.9.6]
    26 | D:5      | Noticed a scorpion
    80 | D:6      | Noticed a scorpion
    90 | D:6      | Killed a scorpion
    91 | D:6      | Reached skill level 4 in Fighting
    91 | D:6      | Reached XP level 2. HP: 13/23 MP: 2/2
    91 | D:6      | Reached XP level 3. HP: 16/27 MP: 3/3
    91 | D:6      | Reached XP level 4. HP: 20/34 MP: 4/4
   312 | D:5      | Noticed a water moccasin
   329 | D:7      | Noticed an ice beast
   362 | D:6      | Found a sacrificial altar of Ru.
   480 | D:6      | Found a broken altar of Ashenzari.
   532 | D:6      | Found a staircase to the Ecumenical Temple.
   545 | D:7      | Noticed Joseph
   558 | Temple   | Entered the Ecumenical Temple
   709 | Temple   | Became a worshipper of Gozag Ym Sagoz the Greedy
   813 | D:6      | Reached skill level 5 in Fighting
  1060 | D:6      | Noticed a bullfrog
  1070 | D:6      | Gained mutation: You are agile. (Dex +2) [potion of
                  | mutation]
  1070 | D:6      | Gained mutation: You have hidden genetic potential. [potion
                  | of mutation]
  1073 | D:6      | HP: 2/35 [orc priest/divine providence (15)]
  1134 | D:5      | Found Umuare's Weapon Emporium.
  1839 | D:5      | Noticed an ogre
  1874 | D:5      | Identified the +10 dagger of Compassion {venom, Stlth+}
  1915 | D:5      | Reached skill level 1 in Short Blades
  1915 | D:5      | Reached XP level 5. HP: 30/39 MP: 5/5
  2237 | D:5      | Reached skill level 2 in Short Blades
  2243 | D:5      | Gained mutation: Your mind is acute. (Int +2) [hidden
                  | potential]
  2484 | D:5      | Noticed a water moccasin
  2485 | D:5      | Killed a water moccasin
  2486 | D:5      | Reached skill level 4 in Short Blades
  2486 | D:5      | Reached XP level 6. HP: 45/45 MP: 6/6
  2492 | D:5      | Killed a water moccasin
  2503 | D:5      | Gained mutation: You possess an exceptional clarity of
                  | mind. [hidden potential]
  2503 | D:5      | Lost mutation: You have hidden genetic potential. [hidden
                  | potential expressed]
  2549 | D:5      | Reached skill level 5 in Short Blades
  2973 | D:4      | You pick up a book of the Senses and begin reading...
  2973 | D:4      | You add the spells Dazzling Flash, Agony and Silence to
                  | your library.
  3009 | D:4      | Noticed Menkaure
  3041 | D:4      | Noticed Dowan
  3043 | D:4      | Noticed Duvessa
  3345 | D:4      | Found a snail-covered altar of Cheibriados.
  3741 | D:3      | Reached XP level 7. HP: 50/50 MP: 7/7
  4934 | D:1      | Found a faded altar of an unknown god.
  5125 | D:4      | Killed Menkaure
  5126 | D:4      | Reached skill level 6 in Short Blades
  5177 | D:4      | Killed Dowan
  5194 | D:4      | Found a stormy altar of Qazlal.
  5230 | D:4      | Killed Duvessa
  5231 | D:4      | Reached skill level 6 in Fighting
  5540 | D:4      | Noticed Ijyb
  5565 | D:4      | Killed Ijyb
  5566 | D:4      | Reached XP level 8. HP: 57/57 MP: 8/8
  5686 | D:4      | Identified a +0 crystal plate armour
  5687 | D:4      | u - a +0 crystal plate armour {rare=g}
  5712 | D:4      | Found a shadowy altar of Dithmenos.
  5742 | D:4      | You pick up a book of Dreams and begin reading...
  5742 | D:4      | You add the spells Ensorcelled Hibernation and Spider Form
                  | to your library.
  6041 | D:6      | Found a sparkling altar of Nemelex Xobeh.
  6257 | D:6      | Reached skill level 7 in Short Blades
  6398 | D:7      | Killed Joseph
  6399 | D:7      | Reached skill level 7 in Fighting
  6459 | D:7      | Reached skill level 8 in Short Blades
  6613 | D:7      | Reached skill level 8 in Fighting
  6613 | D:7      | Reached XP level 9. HP: 30/66 MP: 9/9
  7134 | D:7      | Noticed a gargoyle
  7139 | D:7      | Killed a gargoyle
  7140 | D:7      | Reached skill level 9 in Short Blades
  7431 | D:8      | Reached skill level 9 in Fighting
  7917 | D:8      | Noticed a hornet
  8108 | D:8      | Paralysed by a hornet for 3 turns
  8110 | D:8      | HP: 11/61 [hornet (9)]
  8111 | D:8      | Slain by a hornet

Vanquished Creatures
  Joseph (D:7)
  A gargoyle (D:7)
  Menkaure (D:4)
  2 water moccasins (D:5)
  Duvessa (D:4)
  An ice beast (D:7)
  2 sky beasts
  3 centaurs
  A bullfrog (D:6)
  2 kobold brigands (D:7)
  2 scorpions
  A water moccasin zombie (D:7)
  Dowan (D:4)
  A killer bee (D:7)
  7 wights
  4 orc priests
  A hound (D:4)
  A jelly (D:7)
  2 iguanas
  Ijyb (D:4)
  2 orc wizards
  4 gnolls (D:2)
  6 adders
  A worm (D:3)
  6 dart slugs
  6 orcs
  5 endoplasms
  2 giant cockroaches
  4 goblins
  3 hobgoblins
  3 jackals (D:1)
  3 quokkas (D:4)
  6 ball pythons
  10 bats
  2 frilled lizards (D:3)
  15 kobolds
  5 rats
119 creatures vanquished.

Table legend:
 A = Non-vault XP
 B = Vault XP
 C = Vault XP percentage of total XP
 D = Non-vault monster count
 E = Vault monster count
 F = Vault count percentage of total count
                 A         B        C        D         E       F
            +---------+---------+-------+---------+---------+-------
      Total |    3069 |     951 |  23.7 |     113 |       6 |   5.0
            +---------+---------+-------+---------+---------+-------
        D:1 |      41 |       0 |   0.0 |      23 |       0 |   0.0
        D:2 |     110 |       0 |   0.0 |      20 |       0 |   0.0
        D:3 |      46 |       0 |   0.0 |      11 |       0 |   0.0
        D:4 |      29 |     465 |  94.1 |       9 |       5 |  35.7
        D:5 |     439 |       0 |   0.0 |       6 |       0 |   0.0
        D:6 |     301 |       0 |   0.0 |       8 |       0 |   0.0
        D:7 |    1535 |     486 |  24.0 |      26 |       1 |   3.7
        D:8 |     568 |       0 |   0.0 |      10 |       0 |   0.0
            +---------+---------+-------+---------+---------+-------

Illustrated notes

Table legend:
 A = Kills in this place as a percentage of kills in entire the game.
 B = Kills by you in this place as a percentage of kills by you in the entire game.
 C = Kills by friends in this place as a percentage of kills by friends in the entire game.
 D = Other kills in this place as a percentage of other kills in the entire game.
 E = Experience gained in this place as a percentage of experience gained in the entire game.
 F = Experience gained in this place divided by the number of levels of this place that you have seen.
                   A       B       C       D       E      F
               +-------+-------+-------+-------+-------+----------------------
         Total | 100.0 | 100.0 |   N/A |   N/A | 100.0 | 446.7
       Dungeon | 100.0 | 100.0 |   N/A |   N/A | 100.0 | 502.5
               +-------+-------+-------+-------+-------+----------------------

Table legend: (Time is in decaauts)
 A = Elapsed time spent in this place.
 B = Non-inter-level travel time spent in this place.
 C = Inter-level travel time spent in this place.
 D = Time resting spent in this place.
 E = Time spent auto-exploring this place.
 F = Levels seen in this place.
 G = Mean time per level.
                   A        B        C        D        E       F      G
               +--------+--------+--------+--------+--------+-----+--------+
         Total |   8025 |   7547 |    478 |   1993 |   4545 |   9 |  891.7 |
       Dungeon |   7971 |   7519 |    452 |   1993 |   4541 |   8 |  996.4 |
        Temple |     54 |     28 |     26 |      0 |      4 |   1 |   54.0 |
               +--------+--------+--------+--------+--------+-----+--------+

Top non-repeatable levels by time:
     D:5: 1575 daAuts
     D:4: 1563 daAuts
     D:6: 1398 daAuts
     D:7: 1359 daAuts
     D:1: 670 daAuts
     D:3: 643 daAuts
     D:2: 437 daAuts
     D:8: 323 daAuts
  Temple: 54 daAuts
